 Dungeon Crawl Stone Soup version 0.31.0-12-g77e489cdc1 (webtiles) character file.

Game seed: 15740801389977076467

2 Gadfly the Apothecary (level 1, -1/10 HPs)
             Began as a Deep Elf Alchemist on Feb 23, 2024.
             Slain by a goblin
             ... wielding a +0 club
              (2 damage)
             ... on level 1 of the Dungeon.
             The game lasted 00:00:28 (32 turns).

Gadfly the Apothecary (Deep Elf Alchemist)            Turns: 32, Time: 00:00:28

Health: -1/10      AC:  2    Str:  5    XL:     1   Next: 25%
Magic:  1/6        EV:  9    Int: 19    God:
Gold:   0          SH:  0    Dex: 15    Spells: 5/6 levels left

rFire   . . .        (no weapon)
rCold   . . .        (no shield)
rNeg    . . .        a - +0 robe
rPois   .            (no helmet)
rElec   .            (no cloak)
rCorr   .            (no gloves)
SInv    .            (no boots)
Will    .....        (no amulet)
Stlth   ++           (no ring)
HPRegen 0.21/turn    (no ring)
MPRegen 0.10/turn

%: no passive effects
@: constricted
A: no striking features
a: no special abilities


You were on level 1 of the Dungeon.
You visited 1 branch of the dungeon, and saw 1 of its levels.

Inventory:

Armour
 a - a +0 robe (worn)
Scrolls
 c - a scroll of fog {unknown}
Potions
 b - a potion of magic


   Skills:
 + Level 0.0 Fighting
 + Level 2.4 Dodging
 - Level 2.4 Stealth
 + Level 3.0 Spellcasting
 + Level 1.1 Conjurations
 + Level 3.3 Alchemy
 + Level 0.1 Evocations


You had 5 spell levels left.
You knew the following spells:

 Your Spells              Type           Power      Damage    Failure   Level
a - Sting                 Conj/Alch      44%        1d5       6%          1

Your spell library contained the following spells:

 Spells                   Type           Power      Damage    Failure   Level
 Mercury Vapours          Alch/Air       18%        N/A       12%         2
 Mephitic Cloud           Conj/Alch/Air  8%         N/A       26%         3
 Olgreb's Toxic Radiance  Alch           15%        N/A       36%         4
 Sticky Flame             Fire/Alch      9%         2d5       61%         4


Dungeon Overview and Level Annotations

Branches:
Dungeon (1/15)

Altars:


Message History

Casting: Sting (safe; 6% risk of failure)
Confirm with . or Enter, or press ? or * to list all spells.
Aiming: Sting (safe; 6% risk of failure)
Press: ? - help, Shift-Dir - straight line, f - goblin, p - ball python
Aim: a goblin, wielding a +0 club (64% to hit)
The sting hits the ball python.
The ball python is poisoned.
The ball python is moderately wounded.
The ball python closely misses you. The ball python barely misses you.
The ball python bites you. The ball python grabs you.
The ball python constricts you.
* * * LOW HITPOINT WARNING * * *
Casting: Sting (safe; 6% risk of failure)
Confirm with . or Enter, or press ? or * to list all spells.
You don't have enough magic to cast this spell.
Unknown command.
Casting: Sting (safe; 6% risk of failure)
Confirm with . or Enter, or press ? or * to list all spells.
You don't have enough magic to cast this spell.
You escape the ball python's grasp.
An endoplasm comes into view.
Found a leather armour.
You hit the ball python but do no damage.
The ball python is severely wounded.
The ball python bites you.
* * * LOW HITPOINT WARNING * * *
The ball python barely misses you. The ball python bites you.
* * * LOW HITPOINT WARNING * * *
The ball python closely misses you. The endoplasm barely misses you.
Your magical contamination has completely faded away.
You hit the endoplasm but do no damage.
The ball python looks more healthy.
The goblin hits you but does no damage. The ball python misses you.
The ball python grabs you. The ball python constricts you.
* * * LOW HITPOINT WARNING * * *
The endoplasm closely misses you.
You hit the endoplasm.
The endoplasm is heavily wounded.
The ball python barely misses you. The ball python constricts you.
The goblin hits you with a +0 club.
You die...

#≈≈≈≈≈≈≈≈≈≈≈≈
#≈≈≈~≈≈~≈≈≈≈≈
#~~~.~.~~~~≈≈
#.~~~..~~~≈≈≈
#.....~.~~.≈~
#8.....~~~.~ #........~~~
#######.......<~~~
#######@..##..........~~
..[...JgS###...........~
########B###..........8~
#..S.#...8.........
#.##.#.............
.#....Bg##......8........
.###.#S..#...............
##)..###.#...[.......#
......#..#........###


You could see an endoplasm, a giant cockroach, a goblin and 2 ball pythons.

Vanquished Creatures
  An endoplasm (D:1)
  A bat (D:1)
2 creatures vanquished.

Notes
Turn   | Place    | Note
-------+----------+-------------------------------------------
     0 | D:1      | Gadfly the Deep Elf Alchemist began the quest for the Orb.
     0 | D:1      | Reached XP level 1. HP: 10/10 MP: 6/6
    32 | D:1      | Slain by a goblin

Illustrated notes

Levels and vault maps discovered:
D:1:      nicolae_arrival_washed_ashore, layout_loops_ring,
          minmay_misc_feat_more_columns, minmay_misc_feat_tiny,
          minmay_hexomino_r4

Action                     || total
---------------------------++-------
  Melee: Unarmed           ||     3
   Cast: Sting             ||     5
 Armour: Robe              ||     9
  Dodge: Dodged            ||    12
